 Dungeon Crawl Stone Soup version 0.30-a0-778-g2ef04afb54 (webtiles) character file.

Game seed: 431681570736930098

138 themarg the Firebug (level 5, -8/35 HPs)
             Began as a Demonspawn Fire Elementalist on Feb 17, 2023.
             Mangled by an ogre
             ... wielding a +0 giant spiked club
              (27 damage)
             ... on level 4 of the Dungeon.
             The game lasted 00:07:20 (3573 turns).

themarg the Firebug (Demonspawn Fire Elementalist)  Turns: 3573, Time: 00:07:20

Health: -8/35      AC:  3    Str:  8    XL:     5   Next: 1%
Magic:  1/8        EV: 12    Int: 19    God:
Gold:   94         SH:  0    Dex: 13    Spells: 6/9 levels left

rFire   . . .      SeeInvis .    d - +0 short sword
rCold   . . .      Faith    .    (no shield)
rNeg    + + .      Spirit   .    a - +0 robe
rPois   .          Reflect  .    l - +0 helmet of Okawaru's Vengeance {rElec rN+ Will++ Slay-2}
rElec   +          Harm     .    (no cloak)
rCorr   .          Rampage  .    (no gloves)
Will    ++...                    (no boots)
Stlth   ++                       (no amulet)
HPRegen 0.25/turn                p - ring of positive energy
MPRegen 0.22/turn                u - ring of wizardry

@: no status effects
A: magic regeneration, weakness stinger 2
a: no special abilities


You were on level 4 of the Dungeon.
You visited 1 branch of the dungeon, and saw 4 of its levels.

You collected 94 gold pieces.

Inventory:

Hand Weapons
 d - a +0 short sword (weapon)
Missiles
 c - 8 stones
 h - 3 boomerangs
 r - a throwing net
 v - 3 curare-tipped darts
Armour
 a - a +0 robe (worn)
 l - the +0 helmet of Okawaru's Vengeance (worn) {rElec rN+ Will++ Slay-2}
   (You found it on level 2 of the Dungeon)

   Slay:      It affects your accuracy & damage with ranged weapons and melee
   (-2).
   rElec:     It insulates you from electricity.
   rN:        It protects you from negative energy.
   Will:      It greatly increases your willpower.
Jewellery
 p - a ring of positive energy (left hand)
 u - a ring of wizardry (right hand)
Scrolls
 i - 4 scrolls of teleportation
 m - 2 scrolls of blinking
 n - a scroll of fog {unknown}
 o - 2 scrolls of enchant weapon
 w - a scroll of magic mapping {unknown}
Potions
 b - a potion of magic
 e - 2 potions of mutation
 f - a potion of brilliance {unknown}
 j - 2 potions of might
 k - a potion of resistance {unknown}
 q - a potion of heal wounds {unknown}
 s - a potion of degeneration {unknown}
 t - 2 potions of curing


   Skills:
 - Level 1.7 Dodging
 - Level 2.0 Stealth
 + Level 2.5 Spellcasting
 - Level 2.0 Conjurations
 + Level 4.5 Fire Magic


You had 6 spell levels left.
You knew the following spells:

 Your Spells              Type           Power      Damage    Failure   Level
a - Foxfire               Conj/Fire      56%        2x1d6     1%          1
b - Scorch                Fire           38%        2d6       1%          2

Your spell library contained the following spells:

 Spells                   Type           Power      Damage    Failure   Level
 Inner Flame              Hex/Fire       11%        N/A       8%          3
 Ensorcelled Hibernation  Hex/Ice        4%         N/A       10%         2
 Kindle Blastsparks       Fire/Tloc/Air  16%        2d11      11%         3
 Flame Wave               Conj/Fire      14%        2d6       16%         4
 Portal Projectile        Hex/Tloc       4%         N/A       19%         3
 Spider Form              Tmut/Pois      2%         N/A       19%         3
 Tukima's Dance           Hex            2%         N/A       19%         3
 Anguish                  Hex/Necr       1%         N/A       52%         4
 Blade Hands              Tmut           1%         N/A       85%         5


Dungeon Overview and Level Annotations

Branches:
Dungeon (4/15)
 Temple: D:4-7

Altars:

Annotations:
D:3 exclusion: downstairs


Innate Abilities, Weirdness & Mutations

You regenerate magic rapidly.
You have a tail ending in a sharp stinger.


Message History

The orc is no longer more vulnerable to fire.
The orc attacks as you move away! The orc closely misses you.
There is a stone staircase leading up here.
The orc hits you with a +0 club.
You climb upwards.
Level annotation: exclusion: downstairs
There is a stone staircase leading down here.
You closely miss the orc.
The orc is severely wounded.
The orc hits you but does no damage.
Flames lash the orc.
You kill the orc!
You have reached level 5!
You start resting.
Magic restored.
You start resting.
HP restored.
u - a ring of wizardry (right hand)
You start waiting.
Done waiting.
There is a stone staircase leading down here.
This staircase is marked as excluded!
Enter next level anyway?
You climb downwards.
The ogre shouts!
You hear an angry growl.
There is a stone staircase leading up here.
Flames lash the ogre.
The ogre is lightly wounded.
The ogre's fire resistance burns away.
The ogre hits you with a +0 giant spiked club!
Flames lash the giant cockroach.
You kill the giant cockroach!
Flames lash the ogre.
The ogre is burned terribly!
The ogre is moderately wounded.
The ogre closely misses you.
Flames lash the ogre.
The ogre is burned terribly!
The ogre is severely wounded.
The ogre hits you with a +0 giant spiked club!!
Ouch! That really hurt!
You die...

# # # + # # #
#########
#.h...O@#
K...
#.#######
###. #.# ##
#....O....
#.h#####..
#..# #.
#..#####.####
#..##....l..#
#.....l..##<#


You could see a black bear and an ogre (combustible).

Vanquished Creatures
  A hound (D:3)
  An orc wizard (D:4)
  2 adders
  A worm (D:3)
  3 dart slugs
  6 orcs
  8 endoplasms
  2 giant cockroaches
  2 goblins
  4 hobgoblins
  2 kobolds
  2 quokkas
  8 ball pythons
  3 bats
  2 frilled lizards
  5 rats
52 creatures vanquished.

Vanquished Creatures (others)
  79 foxfires
79 creatures vanquished.

Grand Total: 131 creatures vanquished

Notes
Turn   | Place    | Note
-------+----------+-------------------------------------------
     0 | D:1      | themarg the Demonspawn Fire Elementalist began the quest
                  | for the Orb.
     0 | D:1      | Reached XP level 1. HP: 13/13 MP: 3/3
   419 | D:1      | Gained mutation: You have a small tail. [demonic ancestry]
   419 | D:1      | Reached XP level 2. HP: 14/19 MP: 0/5
   580 | D:1      | Learned a level 2 spell: Scorch
   864 | D:1      | Reached skill level 3 in Fire Magic
  1443 | D:2      | Identified the +0 helmet of Okawaru's Vengeance {rElec rN+
                  | Will++ Slay-2}
  1470 | D:2      | Gained mutation: You have a tail ending in a sharp stinger.
                  | [demonic ancestry]
  1470 | D:2      | Reached XP level 3. HP: 24/24 MP: 2/6
  2815 | D:3      | Gained mutation: You regenerate magic rapidly. [demonic
                  | ancestry]
  2815 | D:3      | Reached XP level 4. HP: 30/30 MP: 4/7
  3223 | D:4      | Noticed a black bear
  3225 | D:4      | Noticed an ogre
  3266 | D:4      | Noticed an ogre
  3279 | D:3      | Reached skill level 4 in Fire Magic
  3383 | D:4      | Noticed an ogre
  3394 | D:3      | Reached XP level 5. HP: 26/35 MP: 0/8
  3573 | D:4      | Mangled by an ogre

Illustrated notes

Levels and vault maps discovered:
D:1:      matt_arrival_refuge, layout_basic
D:2:      layout_basic
D:3:      layout_basic, minmay_cupped
D:4:      layout_basic, trog_three_pillars_becter, minmay_temple_entry_grid,
          fountainhead, minmay_checkerbox, uniq_duvessa

Skill      XL: |  1  2  3  4 |
---------------+-------------+-----
Stealth        | 2 |  2.0
Fire Magic     | 3 4 |  4.5
Conjurations   | 2 |  2.0
Dodging        | |  1.7
Spellcasting   | |  2.5

Action                     |  1- 3 |  4- 6 || total
---------------------------+-------+-------++-------
  Melee: Short sword       |    32 |    10 ||    42
         Tailslap          |     5 |     1 ||     6
         Punch             |     1 |       ||     1
   Cast: Foxfire           |    46 |     3 ||    49
         Scorch            |    23 |    15 ||    38
    Use: Scroll            |       |     6 ||     6
 Armour: Robe              |     8 |     2 ||    10
  Dodge: Dodged            |    22 |    11 ||    33

Table legend: (Time is in decaauts)
 A = Elapsed time spent in this place.
 B = Non-inter-level travel time spent in this place.
 C = Inter-level travel time spent in this place.
 D = Time resting spent in this place.
 E = Time spent auto-exploring this place.
 F = Levels seen in this place.
 G = Mean time per level.
                   A        B        C        D        E       F      G
               +--------+--------+--------+--------+--------+-----+--------+
         Total |   3573 |   3309 |    264 |    349 |   2582 |   4 |  893.2 |
       Dungeon |   3573 |   3309 |    264 |    349 |   2582 |   4 |  893.2 |
               +--------+--------+--------+--------+--------+-----+--------+

Top non-repeatable levels by time:
     D:1: 1416 daAuts
     D:3: 1336 daAuts
     D:2: 691 daAuts
     D:4: 129 daAuts
